 Dungeon Crawl Stone Soup version 0.32-a0-471-gb91d5d9764 (webtiles) character file.

Game seed: 5193871689567602049

27 AquilaEye the Caller (level 2, -1/13 HPs)
             Began as a Felid Summoner on Feb 25, 2024.
             Slain by a ribbon worm (6 damage)
             ... on level 2 of the Dungeon.
             The game lasted 00:04:39 (1256 turns).

AquilaEye the Caller (Felid Summoner)               Turns: 1256, Time: 00:04:40

Health: -1/13      AC:  1    Str:  4    XL:     2   Next: 93%
Magic:  6/6        EV: 17    Int: 18    God:
Gold:   64         SH:  0    Dex: 16    Spells: 5/6 levels left
                                        Lives:  0   Deaths: 1

rFire   . . .        (weapon unavailable)
rCold   . . .        (shield unavailable)
rNeg    . . .        (body armour unavailable)
rPois   .            (helmet unavailable)
rElec   .            (cloak unavailable)
rCorr   .            (gloves unavailable)
SInv    +            (boots unavailable)
Will    .....        (no amulet)
Stlth   ++           (no ring)
HPRegen 0.22/turn    (no ring)
MPRegen 0.10/turn

%: no passive effects
@: no status effects
A: very small, claws 1, fangs 3, see invisible, shaggy fur 1, stealthy paws, no
weapons or thrown items, no armour, multi-lived
a: no special abilities


You were on level 2 of the Dungeon.
You visited 1 branch of the dungeon, and saw 2 of its levels.

You collected 64 gold pieces.

Inventory:

Scrolls
 b - a scroll of teleportation {unknown}
 c - 3 scrolls of noise {unknown}
 e - a scroll of identify {unknown}
Potions
 a - a potion of magic
 d - a potion of resistance {unknown}
 f - a potion of mutation {unknown}


   Skills:
 - Level 2.6 Dodging
 - Level 2.6 Stealth
 + Level 2.7 Spellcasting
 + Level 4.5 Summonings


You had 5 spell levels left.
You knew the following spells:

 Your Spells              Type           Power      Damage    Failure   Level
a - Summon Small Mammal   Summ           72%        N/A       2%          1

Your spell library contained the following spells:

 Spells                   Type           Power      Damage    Failure   Level
 Call Imp                 Summ           36%        N/A       4%          2
 Call Canine Familiar     Summ           18%        N/A       8%          3
 Summon Blazeheart Golem  Fire/Summ      10%        N/A       54%         4
 Summon Lightning Spire   Summ/Air       10%        N/A       54%         4


Dungeon Overview and Level Annotations

Branches:
Dungeon (2/15)

Altars:


Innate Abilities, Weirdness & Mutations

You have sharp claws.
You have razor-sharp teeth.
You have supernaturally acute eyesight. (SInv)
You are covered in fur. (AC +1)
Your paws help you pounce on unaware monsters.
You are incapable of wielding weapons or throwing items.
You cannot wear armour.
You gain extra lives every three experience levels.


Message History

You scratch the ribbon worm.
The ribbon worm is lightly wounded.
The ribbon worm barely misses you.
You scratch the ribbon worm.
The ribbon worm is moderately wounded.
You scratch the ribbon worm.
The ribbon worm is moderately wounded.
The ribbon worm misses you.
You scratch the ribbon worm.
The ribbon worm is heavily wounded.
The ribbon worm bites you.
You scratch the ribbon worm but do no damage.
You bite the ribbon worm.
The ribbon worm is heavily wounded.
The ribbon worm bites you.
You scratch the ribbon worm.
The ribbon worm is heavily wounded.
The ribbon worm expels a string of sticky webbing.
The stream of webbing hits you but does no damage.
You are caught in a web!
The web tears apart.
You barely miss the ribbon worm.
The ribbon worm is heavily wounded.
The ribbon worm misses you.
You scratch the ribbon worm. You bite the ribbon worm.
The ribbon worm is severely wounded.
The ribbon worm completely misses you.
You scratch the ribbon worm.
The ribbon worm is severely wounded.
The ribbon worm expels a string of sticky webbing.
The stream of webbing misses you.
You scratch the ribbon worm. You claw the ribbon worm.
The ribbon worm is almost dead.
The ribbon worm bites you.
You scratch the ribbon worm.
The ribbon worm is almost dead.
You scratch the ribbon worm.
The ribbon worm is almost dead.
The ribbon worm bites you.
You die...

##### #...#
###.#.### #
#...#...######.#####
#.#####..@w.........
#...#...####.....###
###.#.### ##...##
#...# #.## ##.## .#
#.# .# #.# #
######.###
#........#


You could see a ribbon worm (catching breath).

Vanquished Creatures
  A bat (D:1)
  A giant cockroach (D:1)
  2 jackals (D:1)
  A quokka (D:1)
5 creatures vanquished.

Vanquished Creatures (collateral kills)
  A ball python (D:1)
  2 endoplasms (D:1)
  A giant cockroach (D:1)
  2 goblins (D:1)
  3 jackals
  A quokka (D:1)
  A frilled lizard (D:1)
  3 kobolds (D:1)
  4 rats
18 creatures vanquished.

Grand Total: 23 creatures vanquished

Notes
Turn   | Place    | Note
-------+----------+-------------------------------------------
     0 | D:1      | AquilaEye the Felid Summoner began the quest for the Orb.
     0 | D:1      | Reached XP level 1. HP: 9/9 MP: 4/4
   273 | D:1      | Slain by a jackal
   273 | D:1      | Lost a life (0 lives remaining)
   431 | D:1      | Reached XP level 2. HP: 12/13 MP: 3/6
  1256 | D:2      | Slain by a ribbon worm

Illustrated notes

Levels and vault maps discovered:
D:1:      evilmike_arrival_hilbert_curve, layout_basic
D:2:      layout_loops_corners, shapermc_ecumenical_altar_mp_urbaneastern,
          serial_shops, nicolae_shop_waterfront

Action                     || total
---------------------------++-------
  Melee: Unarmed           ||    38
         Bite              ||     4
         Punch             ||     2
   Cast: Summon Small Mamm ||    48
 Armour: Skin              ||    25
  Dodge: Dodged            ||    49

Table legend: (Time is in decaauts)
 A = Elapsed time spent in this place.
 B = Non-inter-level travel time spent in this place.
 C = Inter-level travel time spent in this place.
 D = Time resting spent in this place.
 E = Time spent auto-exploring this place.
 F = Levels seen in this place.
 G = Mean time per level.
                   A        B        C        D        E       F      G
               +--------+--------+--------+--------+--------+-----+--------+
         Total |   1255 |   1208 |     47 |      0 |    864 |   2 |  627.5 |
       Dungeon |   1255 |   1208 |     47 |      0 |    864 |   2 |  627.5 |
               +--------+--------+--------+--------+--------+-----+--------+

Top non-repeatable levels by time:
     D:1: 1099 daAuts
     D:2: 156 daAuts
